 Dungeon Crawl Stone Soup version 0.32-a0-975-g85d4e5bfdb (webtiles) character file.

Game seed: 15533345985022347426

2732 Cedruin the Chopper (level 9, -1/68 (71) HPs)
             Began as a Coglin Gladiator on Apr 19, 2024.
             Was an Initiate of Okawaru.
             Slain by an orc knight
             ... wielding a +0 halberd
              (21 damage)
             ... in a bailey.
             The game lasted 00:26:27 (6210 turns).

Cedruin the Chopper (Coglin Gladiator)              Turns: 6210, Time: 00:26:28

HP:   -1/68 (71)    AC:  8    Str: 16    XL:     9   Next: 67%
MP:   9/9           EV: 11    Int: 10    God:    Okawaru [......]
Gold: 239           SH:  0    Dex: 16    Spells: 8/8 levels left

rFire   . . .        l - +5 hand axe (freeze) {Genichi}
rCold   . . .        g - +2 demon trident (venom) {Santos}
rNeg    . . .        u - +0 scale mail
rPois   .            c - +0 helmet
rElec   .            (no cloak)
rCorr   .            (no gloves)
SInv    .            (no boots)
Will    .....        (amulet unavailable) Stlth
                     (ring unavailable)
HPRegen 0.31/turn    (ring unavailable)
MPRegen 0.11/turn    (no gizmo)

%: no passive effects
@: hasted, lightly drained, invisible, revved, very quick
A: off-hand wielding, slow wielding, warmup strikes, no jewellery
a: Invent Gizmo, Renounce Religion


You were in a bailey.
You worshipped Okawaru.
Okawaru was noncommittal.
You visited 2 branches of the dungeon, and saw 8 of its levels.
You also visited: Ossuary and Bailey.

You collected 239 gold pieces.

Inventory:

Hand Weapons
 a - a +0 war axe {Qing}
 f - a +0 flail
 g - a +2 demon trident of venom (offhand) {Santos}
 l - a +5 hand axe of freezing (weapon) {Genichi}
Missiles
 e - 9 javelins
 r - 6 poisoned darts
Armour
 c - a +0 helmet (worn)
 u - a +0 scale mail (worn)
Wands
 d - a wand of flame (29)
 p - a wand of mindburst (12)
Scrolls
 i - a scroll of enchant weapon
 n - a scroll of immolation
 o - a scroll of enchant armour
 s - a scroll of fear
 t - 3 scrolls of teleportation
Potions
 h - a potion of curing {unknown}
 k - 2 potions of mutation {unknown}
 m - 3 potions of lignification {unknown}
 q - a potion of brilliance {unknown}
 v - a potion of heal wounds {unknown}
 w - 2 potions of invisibility
 x - a potion of attraction {unknown}
 z - a potion of might {unknown}
 A - a potion of haste
 C - a potion of resistance {unknown}
 E - a potion of cancellation {unknown}


   Skills:
 + Level 6.7 Fighting
 + Level 7.1(7.5) Axes
 + Level 2.9(5.1) Polearms
 - Level 1.7 Throwing
 + Level 5.7 Armour
 - Level 5.7 Dodging


You had 8 spell levels left.
You didn't know any spells.
Your spell library contained the following spells:

 Spells                   Type           Power      Damage    Failure   Level
 Slow                     Hex            0%         N/A       77%         1
 Confusing Touch          Hex            0%         N/A       98%         3
 Vampiric Draining        Necr           0%         2d6       98%         3
 Volatile Blastmotes      Fire/Tloc      0%         2d10      98%         3
 Fulminant Prism          Conj/Alch      0%         3d5       100%        4
 Iskenderun's Mystic Bla Conj/Tloc 0%             2d3        (+2d1     100%        4


Dungeon Overview and Level Annotations

Branches:
Dungeon (7/15)             Temple (1/1) D:6         Ossuary (visited)
 Bailey (1/1)

Altars:
Ashenzari
Cheibriados
Dithmenos
Elyvilon
Fedhas
Gozag
Hepliaklqana
Kikubaaqudgha
Makhleb
Nemelex Xobeh
Okawaru
Ru
Sif Muna
Trog
Vehumet
Wu Jian
Xom
Yredelemnul
Zin

Shops:
D:5 :   D:6 *


Innate Abilities, Weirdness & Mutations

You can wield a second weapon in your off-hand.
It takes a long time for you to wield or remove held weapons.
Your first few attacks do less damage.
You cannot equip rings or amulets.


Message History

You reach to attack!
You hit the orc knight with your +2 demon trident of venom.
The orc knight looks as sick as possible!
The orc knight is heavily wounded.
The orc knight is engulfed in poison gas.
The orc knight looks as sick as possible!
The orc knight hits you from afar with a +0 halberd!!
Hit: l) +5 hand axe (freeze) {Genichi}
Press: ? - help, Dir - move target, f/p - orc knight
Aim: an orc knight, wielding a +0 halberd (poison gas, heavily wounded, extremely poisoned, about 36% to evade your +5 hand axe of freezing)
You reach to attack!
You hit the orc knight with your +2 demon trident of venom.
The orc knight is engulfed in poison gas.
The orc knight looks as sick as possible!
The orc knight hits you from afar with a +0 halberd!
* * * LOW HITPOINT WARNING * * *
Throw: throwing net
Press: ? - help, Q - select action, (/) - cycle Shift-Dir - straight line, f/p - orc knight
Aim: an orc knight, wielding a +0 halberd (poison gas, severely wounded, extremely poisoned, 50% to hit)
You throw a throwing net.
The throwing net closely misses the orc knight.
The throwing net barely misses the gnoll.
The throwing net hits the gnoll.
The gnoll is caught in the net!
The gnoll struggles against the net.
The orc knight is engulfed in poison gas.
The orc knight looks as sick as possible!
The orc knight hits you but does no damage.
It was a potion of invisibility.
You fade into invisibility!
The gnoll struggles against the net.
The orc knight is engulfed in poison gas.
The orc knight looks as sick as possible!
The orc knight closely misses you.
It was a potion of haste.
You feel yourself speed up.
The gnoll struggles against the net.
The orc knight is engulfed in poison gas.
The orc knight looks as sick as possible!
The orc knight hits you from afar with a +0 halberd!!
You die...

##### #)'g##
#'###g##+##+ .!#
##○§§§§# !.g.
###○§°§☼# +!.⌠.
#§§§§⌠○○+ #.!.!
###☼§§o§# #!.!
##§§☼°§## +##+
+###'##+##@##
#g#.## ##§# # ###
##### ### #☼#
###)###)#)###)###§#
'##'##'###'##'##'##
#.....## ##.....##
#.....### #.....#
'..∩..'.# +..⌠..+
#.....### #.....#


You could see an orc knight (unable to see you, extremely poisoned) and 2
gnolls.

Vanquished Creatures
  Sigmund (D:4)
  Pargi (D:3)
  A black bear (D:6)
  An ogre (D:5)
  2 phantoms
  2 bullfrogs
  15 scorpions
  2 human zombies (Ossuary)
  2 jellies
  3 centaur zombies (Ossuary)
  2 hounds
  3 orc priests
  2 bombardier beetles (D:5)
  A gnoll bouda (D:5)
  Ijyb (D:3)
  Natasha (twice) (D:3)
  4 iguanas
  4 orc wizards
  2 scorpion zombies (Ossuary)
  3 mummies (Ossuary)
  Robin (D:2)
  5 gnolls (Bailey)
  11 adders
  A white imp (D:6)
  2 ufetubi (D:6)
  2 adder zombies (Ossuary)
  6 dart slugs
  17 orcs
  4 endoplasms
  5 gnoll zombies (Ossuary)
  14 goblins
  5 hobgoblins
  5 jackals
  6 kobolds
  4 quokkas
  7 ball pythons
  5 ball python zombies (Ossuary)
  12 bats
  A frilled lizard (D:1)
  A jackal zombie (Ossuary)
  4 orc zombies (Ossuary)
  4 rats
176 creatures vanquished.

Notes
Turn   | Place    | Note
-------+----------+-------------------------------------------
     0 | D:1      | Cedruin the Coglin Gladiator began the quest for the Orb.
     0 | D:1      | Reached XP level 1. HP: 16/16 MP: 1/1
    79 | D:1      | Reached XP level 2. HP: 21/22 MP: 2/2
   280 | D:1      | Reached XP level 3. HP: 28/28 MP: 3/3
   322 | D:1      | Reached skill level 1 in Armour
   803 | D:2      | Noticed Robin
   812 | D:2      | Killed Robin
   813 | D:2      | Reached XP level 4. HP: 27/34 MP: 4/4
  2061 | D:3      | Reached XP level 5. HP: 41/41 MP: 5/5
  2079 | D:3      | Noticed Pargi
  2094 | D:3      | Killed Pargi
  2095 | D:3      | Reached skill level 4 in Axes
  2155 | D:3      | Noticed Natasha
  2162 | D:3      | Killed Natasha
  2163 | D:3      | Reached XP level 6. HP: 41/47 MP: 6/6
  2398 | D:3      | Noticed Natasha
  2403 | D:3      | Killed Natasha
  2557 | D:3      | Noticed Ijyb
  2568 | D:3      | Killed Ijyb
  2621 | D:3      | Found a faded altar of an unknown god.
  2810 | D:4      | Reached XP level 7. HP: 49/54 MP: 7/7
  2916 | D:4      | Noticed Sigmund
  3131 | D:4      | Found a sand-covered staircase.
  3138 | Ossuary  | Entered an ossuary
  3179 | Ossuary  | Reached skill level 5 in Axes
  3278 | Ossuary  | Reached XP level 8. HP: 54/61 MP: 8/8
  3327 | Ossuary  | Reached skill level 5 in Dodging
  3329 | Ossuary  | Reached skill level 5 in Fighting
  3623 | D:4      | Killed Sigmund
  3624 | D:4      | Reached skill level 6 in Axes
  3827 | D:5      | Entered Level 5 of the Dungeon
  4017 | D:4      | Identified a scroll of acquirement
  4017 | D:4      | Acquired a +2 demon trident of venom
  4182 | D:5      | Found Zuwn's Book Shop.
  4182 | D:5      | Noticed a walking crystal tome
  4182 | D:5      | Noticed a walking divine tome
  4562 | D:5      | Reached XP level 9. HP: 68/69 MP: 9/9
  4738 | D:5      | Reached skill level 1 in Polearms
  4738 | D:5      | Reached skill level 5 in Armour
  5159 | D:6      | Found Soaxtinu's Fire Supplies.
  5448 | D:6      | Found a staircase to the Ecumenical Temple.
  5452 | D:6      | Reached skill level 7 in Axes
  5557 | Temple   | Entered the Ecumenical Temple
  5577 | Temple   | Became a worshipper of Warmaster Okawaru
  6004 | D:7      | Found a flagged portal.
  6014 | Bailey   | Entered a bailey
  6191 | Bailey   | Noticed an orc knight
  6210 | Bailey   | Slain by an orc knight

Illustrated notes

Levels and vault maps discovered:
D:1:      saegor_arrival_simple_d, layout_basic
D:2:      layout_basic, uniq_robin
D:3:      layout_basic, ebering_ecumenical_altar_sacrificial,
          minmay_misc_feat_iff, uniq_natasha, uniq_pargi, uniq_ijyb
D:4:      layout_basic, nicolae_ossuary_entry_monument, uniq_sigmund
D:5:      minmay_octagon_keep, layout_cave_pods, serial_shops,
          nicolae_shop_mannequins, minmay_misc_feat_ornament,
          due_unseen_surprise
D:6:      layout_loops_ring, minmay_temple_entry_proselytizer,
          columned_hall_lemuel, nicolae_shop_fire_sale [nicolae_sub_dead_trees]
D:7:      layout_basic, enter_bailey_2, uniq_maurice
Temple:   hellmonk_temple_of_storms
Bailey:   bailey_polearm_nasty_gnolls, bailey

Skill      XL: |  1  2  3  4  5  6  7  8  9 |
---------------+----------------------------+-----
Dodging        | 3 4 5 |  5.7
Armour         | 1 2 3 4 5 |  5.7
Fighting       | 3 4 5 6 |  6.7
Axes           | 4 5 6 7 |  7.1
Polearms       | 2 |  2.9
Throwing       | |  1.7

Action                     |  1- 3 |  4- 6 |  7- 9 || total
---------------------------+-------+-------+-------++-------
  Melee: War axe           |    72 |    99 |   172 ||   343
         Dagger            |    60 |    30 |       ||    90
         Mace              |       |    13 |       ||    13
         Hand axe          |       |    50 |   146 ||   196
         Demon trident     |       |       |   112 ||   112
  Throw: Javelin           |     1 |     2 |     5 ||     8
         Throwing net      |       |     3 |     1 ||     4
         Dart              |       |     3 |     8 ||    11
    Use: Scroll            |       |       |    12 ||    12
         Potion            |       |       |     2 ||     2
   Stab: Sleeping          |       |     3 |     1 ||     4
         Held in net/web   |       |     3 |       ||     3
 Armour: Leather armour    |    44 |    23 |       ||    67
         Ring mail         |       |    26 |       ||    26
         Troll leather arm |       |    28 |   115 ||   143
         Scale mail        |       |       |    49 ||    49
  Dodge: Dodged            |    49 |    73 |   147 ||   269

Table legend: (Time is in decaauts)
 A = Elapsed time spent in this place.
 B = Non-inter-level travel time spent in this place.
 C = Inter-level travel time spent in this place.
 D = Time resting spent in this place.
 E = Time spent auto-exploring this place.
 F = Levels seen in this place.
 G = Mean time per level.
                   A        B        C        D        E       F      G
               +--------+--------+--------+--------+--------+-----+--------+
         Total |   6271 |   5877 |    394 |    226 |   4351 |  10 |  627.1 |
       Dungeon |   5580 |   5224 |    356 |    201 |   4004 |   7 |  797.1 |
        Temple |     40 |      2 |     38 |      0 |      0 |   1 |   40.0 |
       Ossuary |    455 |    455 |      0 |     25 |    213 |   1 |  455.0 |
        Bailey |    195 |    195 |      0 |      0 |    134 |   1 |  195.0 |
               +--------+--------+--------+--------+--------+-----+--------+

Top non-repeatable levels by time:
     D:2: 1288 daAuts
     D:5: 1137 daAuts
     D:3: 928 daAuts
     D:6: 784 daAuts
     D:4: 765 daAuts
     D:1: 643 daAuts
 Ossuary: 455 daAuts
  Bailey: 195 daAuts
  Temple: 40 daAuts
     D:7: 31 daAuts
